 Dungeon Crawl Stone Soup version 0.31-a0-358-gac0dbeb3ab (webtiles) character file.

Game seed: 9042525425768489044

2222 Bnni the Changeling (level 9, -6/62 HPs)
             Began as an Octopode Shapeshifter on July 25, 2023.
             Was an Initiate of Gozag.
             Shot with an arrow by a centaur (15 damage)
             ... on level 6 of the Dungeon.
             The game lasted 00:08:54 (5924 turns).

Bnni the Changeling (Octopode Shapeshifter)         Turns: 5924, Time: 00:08:55

Health: -6/62      AC:  1    Str: 15    XL:     9   Next: 35%
Magic:  9/9        EV: 13    Int: 10    God:    Gozag
Gold:   442        SH:  9    Dex: 16    Spells: 4/8 levels left

rFire   . .          .
                       - Unarmed
rCold   . . .        i - +0 buckler
rNeg    . . .        (helmet currently unavailable)
rPois   .            s - amulet of reflection
rElec   .            (no ring)
rCorr   .            (no ring)
SInv    .            (no ring)
Will    .....        (no ring)
Stlth   ++           (no ring)
HPRegen 0.30/turn    (no ring)
MPRegen 0.11/turn    (no ring)
                     (no ring)

%: reflection
@: beast-form
A: beast (slay +5), almost no armour, amphibious, 8 rings, camouflage 1,
gelatinous body 1, (nimble swimmer 1), tentacles
a: Begin Untransformation, Renounce Religion, Potion Petition, Call Merchant,
Bribe Branch


You were on level 6 of the Dungeon.
You worshipped Gozag.
Gozag was aware of your devotion.
You were a hulking beast.
You visited 1 branch of the dungeon, and saw 6 of its levels.

You collected 476 gold pieces.
You paid 34 gold pieces to Gozag.

Inventory:

Missiles
 n - 3 poisoned darts
Armour
 i - a +0 buckler (worn)
Jewellery
 s - an amulet of reflection (around mantle)
Talismans
 b - a beast talisman
Wands
 p - a wand of acid (8)
 w - a wand of roots (10)
 y - a wand of paralysis (5)
Scrolls
 c - a scroll of butterflies {unknown}
 d - a scroll of poison {unknown}
 f - 2 scrolls of enchant weapon
 g - 2 scrolls of teleportation {unknown}
 k - 2 scrolls of revelation {unknown}
 l - 2 scrolls of immolation {unknown}
 m - 2 scrolls of enchant armour {unknown}
 o - a scroll of amnesia {unknown}
 q - a scroll of fog {unknown}
 v - a scroll of vulnerability {unknown}
Potions
 a - a potion of lignification
 e - 3 potions of curing
 h - a potion of heal wounds
 j - 2 potions of might
 r - a potion of mutation {unknown}
 t - a potion of berserk rage {unknown}
 u - a potion of invisibility {unknown}
 x - a potion of brilliance {unknown}
 A - a potion of enlightenment {unknown}


   Skills:
 + Level 6.0 Fighting
 - Level 2.0 Dodging
 + Level 6.8 Unarmed Combat
 * Level 7.8 Shapeshifting


You had 4 spell levels left.
You knew the following spells:

 Your Spells              Type           Power      Damage    Failure   Level
a - Lesser Beckoning      Tloc           0%         N/A       61%         2
b - Blink                 Tloc           0%         N/A       61%         2

Your spell library contained the following spells:

 Spells                   Type           Power      Damage    Failure   Level
 Shock                    Conj/Air       0%         1d3       45%         1
 Slow                     Hex            0%         N/A       45%         1
 Momentum Strike          Conj/Tloc      0%         3d8       61%         2
 Wereblood                Tmut           0%         N/A       61%         2
 Confusing Touch          Hex            0%         N/A       83%         3
 Inner Flame              Hex/Fire       0%         N/A       83%         3
 Swiftness                Air            0%         N/A       83%         3
 Vampiric Draining        Necr           0%         2d6       83%         3
 Airstrike                Air            0%         2d(0-16)  99%         4
 Flame Wave               Conj/Fire      0%         2d4       99%         4
 Sticky Flame             Conj/Fire      0%         2d3       99%         4
 Irradiate                Conj/Tmut      0%         3d11      100%        5


Dungeon Overview and Level Annotations

Branches:
Dungeon (6/15)
 Temple: D:4-7

Altars:
Fedhas
Gozag

Shops:
D:4 :


Innate Abilities, Weirdness & Mutations

You are a hulking beast.
Your limbs bulge with bestial killing power. (Slay +5)
You cannot wear most types of armour.
You are amphibious.
You can wear up to eight rings at the same time.
Your skin changes colour to match your surroundings (Stealth+).
Your rubbery body absorbs attacks. (AC +1, EV +1)
((You are camouflaged when in or above water. (Stealth+)))
You have tentacles for arms and can constrict up to eight enemies at once.


Message History

You block the arrow with an invisible shield... and reflect it back!
The arrow hits the centaur!
The centaur shoots an arrow.
The arrow closely misses you.
Throw: 6 darts (poison)
Press: ? - help, Shift-Dir - straight line, f - centaur
Aim: a centaur, wielding a +0 shortbow (heavily wounded, 76% to hit)
You throw a poisoned dart. The poisoned dart hits the centaur.
The centaur is poisoned.
The centaur is heavily wounded.
The centaur shoots an arrow.
The arrow hits you!
Throw: 5 darts (poison)
Press: ? - help, Shift-Dir - straight line, f/p - centaur
Aim: a centaur, wielding a +0 shortbow (heavily wounded, poisoned, 76% to hit)
You throw a poisoned dart.
The poisoned dart barely misses the centaur.
The centaur shoots an arrow.
The arrow hits you!
The centaur shoots an arrow.
The arrow completely misses you.
You hear a shout!
Throw: 4 darts (poison)
Press: ? - help, Shift-Dir - straight line, f/p - centaur
Aim: a centaur, wielding a +0 shortbow (heavily wounded, poisoned, 76% to hit)
You throw a poisoned dart. The poisoned dart hits the centaur.
The centaur looks even sicker.
The centaur is heavily wounded.
The centaur shoots an arrow.
The arrow hits you.
The centaur shoots an arrow.
The arrow hits you.
Unknown command.
The centaur shoots an arrow.
The arrow closely misses you.
The centaur shoots an arrow.
The arrow hits you!
The centaur shoots an arrow.
You block the arrow with an invisible shield... and reflect it back!
The arrow hits the centaur!
The centaur shoots an arrow.
The arrow hits you!
* * * LOW HITPOINT WARNING * * *
The centaur shoots an arrow.
The arrow hits you.
* * * LOW HITPOINT WARNING * * *
The centaur shoots an arrow.
You block the arrow with an invisible shield... and reflect it back!
The arrow hits the centaur!
The centaur shoots an arrow.
The arrow hits you!
You die...
Your body crumbles into a pile of gold.

###...####..## +#.#+ ##..
.....#..#...###...###...
#..#..........8.......
.###..<#.#...###...###...
#.........#..## +#.#+
##.. #.......#.#.## #.#
##. #.......#.#.# #.# #.
##........#.#$ ... #.
#.......h..####.... #.
#....#.............. ..
.....≈≈≈≈.......... ..
####≈≈≈≈≈≈≈≈......#
≈≈≈≈≈≈≈≈≈≈≈≈≈##..
≈≈≈≈≈≈≈≈≈≈≈≈≈≈≈≈ .
≈≈≈≈≈≈≈≈.c≈≈≈≈≈≈≈
≈≈≈≈≈≈..$.cc≈≈≈≈≈≈
≈≈........≈≈≈≈≈


You could see 3 centaurs.

Vanquished Creatures
  Pikel (D:5)
  Sigmund (D:5)
  Menkaure (D:5)
  Edmund (D:5)
  2 black bears
  A sky beast (D:6)
  An orc warrior (D:6)
  An ogre (D:5)
  2 centaurs (D:6)
  A phantom (D:6)
  2 lemures (D:5)
  2 scorpions
  A jelly (D:5)
  A howler monkey (D:5)
  An orc priest (D:6)
  A hound (D:5)
  A gnoll bouda (D:5)
  Crazy Yiuf (D:3)
  2 iguanas
  4 orc wizards
  3 adders
  8 gnolls
  An ufetubus (D:5)
  3 worms
  A dart slug (D:1)
  19 orcs
  4 ball pythons
  5 bats
  9 endoplasms
  6 giant cockroaches
  6 goblins
  6 hobgoblins
  2 jackals (D:4)
  3 quokkas
  6 frilled lizards
  8 kobolds
  6 rats
124 creatures vanquished.

Notes
Turn   | Place    | Note
-------+----------+-------------------------------------------
     0 | D:1      | Bnni the Octopode Shapeshifter began the quest for the Orb.
     0 | D:1      | Reached XP level 1. HP: 13/13 MP: 1/1
    89 | D:1      | Reached XP level 2. HP: 13/18 MP: 2/2
   455 | D:1      | Found a faded altar of an unknown god.
   563 | D:1      | Reached XP level 3. HP: 18/23 MP: 3/3
  1189 | D:2      | Reached XP level 4. HP: 15/29 MP: 4/4
  1636 | D:3      | Noticed a black bear
  1757 | D:3      | Killed a black bear
  1758 | D:3      | Reached skill level 4 in Shapeshifting
  1758 | D:3      | Reached XP level 5. HP: 14/35 MP: 5/5
  2030 | D:3      | Reached XP level 6. HP: 37/41 MP: 6/6
  2064 | D:3      | Identified the +0 spear of Past Mistakes {flame, Fragile
                  | rPois rCorr}
  2350 | D:3      | Found a runed translucent door.
  2351 | D:3      | Noticed Crazy Yiuf
  2359 | D:3      | Killed Crazy Yiuf
  2483 | D:4      | Found Calusesh's Book Shoppe.
  2495 | D:4      | Learned a level 2 spell: Blink
  2498 | D:4      | Learned a level 2 spell: Lesser Beckoning
  2598 | D:4      | Found a blossoming altar of Fedhas.
  2831 | D:4      | Found an opulent altar of Gozag.
  2881 | D:4      | Became a worshipper of Gozag Ym Sagoz the Greedy
  3364 | D:5      | Entered Level 5 of the Dungeon
  3364 | D:5      | Noticed a black bear
  3369 | D:5      | Killed a black bear
  3370 | D:5      | Reached skill level 5 in Shapeshifting
  3415 | D:5      | Reached XP level 7. HP: 4/46 MP: 7/7
  3699 | D:5      | Noticed Edmund
  3706 | D:5      | Killed Edmund
  3707 | D:5      | Reached skill level 5 in Unarmed Combat
  3737 | D:5      | Noticed Menkaure
  3745 | D:5      | Killed Menkaure
  3746 | D:5      | Reached skill level 6 in Shapeshifting
  3746 | D:5      | Reached XP level 8. HP: 21/54 MP: 8/8
  3936 | D:5      | Noticed Sigmund
  3941 | D:5      | Killed Sigmund
  4267 | D:5      | Noticed Pikel
  4279 | D:5      | HP: 2/54 [Pikel/+1 whip of flaming (3)]
  4280 | D:5      | Killed Pikel
  4281 | D:5      | Reached skill level 5 in Fighting
  4281 | D:5      | Reached skill level 7 in Shapeshifting
  4804 | D:6      | Reached XP level 9. HP: 58/61 MP: 9/9
  5924 | D:6      | Shot with an arrow by a centaur

Illustrated notes

Levels and vault maps discovered:
D:1:      sevenhm_arrival_forest_fort_small_4, layout_loops_ring,
          chequers_ecumenical_altar_simple, minmay_pentomino_t4
D:2:      layout_basic, serial_park_tiny_pond
D:3:      layout_basic, corexii_item_surrounded_by_moat, uniq_crazy_yiuf_cottage
D:4:      layout_basic, nicolae_overflow_crystal_walls, kennysheep_mini,
          serial_shops, nicolae_square_shop
D:5:      layout_gridville, corexii_shack, hex_large, minmay_holes, uniq_edmund,
          uniq_menkaure, uniq_sigmund, uniq_pikel
D:6:      cheibrodos_barr_body, layout_basic,
          minmay_temple_entry_drinking_statues, corexii_hall_statues_deadend,
          centaur_isle

Skill      XL: |  1  2  3  4  5  6  7  8  9 |
---------------+----------------------------+-----
Fighting       | 2 3 4 5 6 |  6.0
Unarmed Combat | 4 5 6 |  6.8
Shapeshifting  | 4 5 6 7 |  7.8
Dodging        | |  2.0

Action                     |  1- 3 |  4- 6 |  7- 9 || total
---------------------------+-------+-------+-------++-------
  Melee: Unarmed           |    58 |   112 |    91 ||   261
         Constrict         |    19 |    32 |    23 ||    74
         Tentacles         |    11 |    21 |    23 ||    55
         Punch             |     3 |     7 |     3 ||    13
  Throw: Dart              |       |       |     4 ||     4
  Evoke: Wand              |       |     6 |     7 ||    13
    Use: Scroll            |       |       |     5 ||     5
   Stab: Sleeping          |    11 |     6 |       ||    17
         Distracted        |       |     1 |     2 ||     3
 Armour: Skin              |     3 |     3 |     4 ||    10
  Dodge: Dodged            |    28 |    61 |    50 ||   139
  Block: Other             |       |     5 |     7 ||    12
         Buckler           |       |       |    25 ||    25
         Reflection        |       |       |    18 ||    18

Table legend: (Time is in decaauts)
 A = Elapsed time spent in this place.
 B = Non-inter-level travel time spent in this place.
 C = Inter-level travel time spent in this place.
 D = Time resting spent in this place.
 E = Time spent auto-exploring this place.
 F = Levels seen in this place.
 G = Mean time per level.
                   A        B        C        D        E       F      G
               +--------+--------+--------+--------+--------+-----+--------+
         Total |   5906 |   5741 |    165 |   1339 |   3453 |   6 |  984.3 |
       Dungeon |   5906 |   5741 |    165 |   1339 |   3453 |   6 |  984.3 |
               +--------+--------+--------+--------+--------+-----+--------+

Top non-repeatable levels by time:
     D:4: 1238 daAuts
     D:5: 1182 daAuts
     D:6: 1013 daAuts
     D:2: 855 daAuts
     D:3: 813 daAuts
     D:1: 804 daAuts
